 Dungeon Crawl Stone Soup version 0.29-a0-609-gb56f46d (webtiles) character file.

Game seed: 12920103149560003920

135 Illumine the Conjurer (level 5, 0/28 HPs)
             Began as a Tengu Conjurer on June 15, 2022.
             Slain by a gnoll
             ... wielding a +0 club
              (6 damage)
             ... on level 4 of the Dungeon.
             The game lasted 00:05:59 (2605 turns).

Illumine the Conjurer (Tengu Conjurer)              Turns: 2605, Time: 00:05:59

Health: 0/28       AC:  3    Str:  7    XL:     5   Next: 18%
Magic:  4/11       EV: 14    Int: 20    God:
Gold:   107        SH:  0    Dex: 13    Spells: 1/11 levels left

rFire   . . .      SeeInvis .   k - +3 dagger (freeze)
rCold   . . .      Faith    .   (no shield)
rNeg    . . .      Spirit   .   a - +0 robe
rPois   .          Reflect  .   (helmet restricted)
rElec   .          Harm     .   j - +0 cloak
rCorr   .          Rampage  .   (no gloves)
Will    .....                   (boots unavailable)
Stlth   ++........              (no amulet)
HPRegen 0.09/turn               (no ring)
MPRegen 0.12/turn               (no ring)

@: mighty, flying quickly and evasively, very slightly contaminated, quick
A: beak, talons 3, nimble flight
a: no special abilities


You were on level 4 of the Dungeon.
You visited 1 branch of the dungeon, and saw 5 of its levels.

You collected 107 gold pieces.

Inventory:

Hand Weapons
 k - a +3 dagger of freezing (weapon)
Missiles
 e - 6 poisoned darts
Armour
 a - a +0 robe (worn)
 j - a +0 cloak (worn)
Scrolls
 d - a scroll of noise
 g - a scroll of fog
 h - a scroll of blinking
Potions
 c - a potion of might
 f - 2 potions of curing {unknown}
 l - a potion of haste {unknown}


   Skills:
 - Level 2.1 Dodging
 - Level 2.0 Stealth
 + Level 3.6 Spellcasting
 + Level 6.9 Conjurations
 + Level 0.3 Translocations


You had one spell level left.
You knew the following spells:

 Your Spells              Type           Power      Damage    Failure   Level
a - Magic Dart            Conj           100%       1d8       1%          1
b - Searing Ray           Conj           62%        2d6       1%          2
c - Dazzling Flash        Conj/Hex       34%        N/A       10%         3
d - Iskenderun's Mystic   Conj/Tloc      18%        2d6       30%         4

Your spell library contained the following spells:

 Spells                   Type           Power      Damage    Failure   Level
 Slow                     Hex            12%        N/A       14%         1
 Fulminant Prism          Conj/Hex       8%         3d7       32%         4
 Confusing Touch          Hex            3%         N/A       38%         3
 Vampiric Draining        Necr           3%         2d6       38%         3


Dungeon Overview and Level Annotations

Branches:
Dungeon (5/15)
 Temple: D:4-7

Altars:

Shops:
D:3 [

Annotations:
D:4 Ijyb, Menkaure


Innate Abilities, Weirdness & Mutations

You have a beak for a mouth.
You have claws for feet.
Your magical nature lets you fly swiftly and evasively.


Message History

A gnoll opens the door.
The adder bites you.
You hear a shout!
Unknown command.
Casting: Iskenderun's Mystic Blast (potentially lethal; 30% risk of failure)
Confirm with . or Enter, or press ? or * to list all spells.
The spell is potentially lethal to miscast (30% risk of failure)!
Continue anyway?
You miscast Iskenderun's Mystic Blast.
Nothing appears to happen.
You feel sick.
You hear a shout! x2
The adder bites you but does no damage.
An orc comes into view. It is wielding a +0 dagger. x2
The gnoll hits you but does no damage.
You hear a shout!
As you read the scroll labelled DIARAQ VOER DIM, it crumbles to dust.
It is a scroll of amnesia.
Really abort (and waste the scroll)?
Okay, then.
You are no longer locked in place.
You feel sick.
You are no longer poisoned.
The adder misses you. The gnoll closely misses you.
The orc wizard hits you with a +0 dagger.
The adder barely misses you.
As you read the scroll labelled ZIRUVA USISUI, it crumbles to dust.
It is a scroll of enchant weapon.
Your +2 dagger of freezing glows red for a moment.
The adder misses you.
The orc wizard hits you with a +0 dagger.
The gnoll misses you.
You feel very mighty all of a sudden.
The orc shouts!
An orc comes into view. It is wielding a +0 club.
The gnoll closely misses you. The adder closely misses you.
The gnoll hits you but does no damage. The orc wizard completely misses you.
Unknown command.
Okay, then.
The adder bites you but does no damage. The gnoll hits you with a +0 club.
* * * LOW HITPOINT WARNING * * *
The gnoll hits you with a +0 club.
You die...

#### ...# ...# ...#
...# ...# ...#
#+####++## ...#..
#..g.o...# #.##..
#.oS@g..o#
#.#....P≈≈#
#'#.........
#..#....≈≈#.o
#############++++##
#.# ....≈≈#.
.............. ..#
....≈≈#
≈≈≈≈≈≈≈≈....≈≈
#.##....≈≈≈
≈≈≈≈≈≈≈≈....≈≈
...#....≈≈≈
≈≈≈≈≈≈≈≈....≈≈
##.#.....P.
..............
...........
.......>...h.!


You could see an orc wizard, 2 gnolls, an adder and 2 orcs.

Vanquished Creatures
  2 gnolls (D:3)
  6 adders
  3 worms (D:2)
  A dart slug (D:2)
  7 ball pythons
  7 endoplasms
  2 giant cockroaches
  A hobgoblin (D:3)
  5 jackals
  2 kobolds (D:2)
  A quokka (D:1)
  3 bats
  3 frilled lizards
  5 goblins
  5 rats
53 creatures vanquished.

Notes
Turn   | Place    | Note
-------+----------+-------------------------------------------
     0 | D:1      | Illumine the Tengu Conjurer began the quest for the Orb.
     0 | D:1      | Reached XP level 1. HP: 10/10 MP: 4/4
   361 | D:1      | Reached XP level 2. HP: 15/15 MP: 4/6
   364 | D:1      | Learned a level 2 spell: Searing Ray
   390 | D:1      | Found a faded altar of an unknown god.
  1171 | D:2      | Reached skill level 6 in Conjurations
  1171 | D:2      | Reached XP level 3. HP: 19/19 MP: 1/8
  1287 | D:2      | Learned a level 3 spell: Dazzling Flash
  1714 | D:2      | Reached XP level 4. HP: 24/24 MP: 2/9
  1978 | D:2      | You fall into a shaft and drop 2 floors!
  2049 | D:5      | Entered Level 5 of the Dungeon
  2066 | D:4      | Noticed Ijyb
  2066 | D:4      | Noticed Menkaure
  2553 | D:3      | Learned a level 4 spell: Iskenderun's Mystic Blast
  2557 | D:3      | Found Tazamu's Antique Armour Emporium.
  2571 | D:3      | Gained mutation: Your magical nature lets you fly swiftly
                  | and evasively. [Tengu growth]
  2571 | D:3      | Reached XP level 5. HP: 28/28 MP: 9/11
  2605 | D:4      | Slain by a gnoll

Illustrated notes

Levels and vault maps discovered:
D:1:      minmay_arrival_up_and_down, layout_basic,
          shapermc_ecumenical_altar_mp_urbaneastern, minmay_tripent
D:2:      minmay_chambers_of_ones, layout_loops_corners, corexii_corridor_pit,
          kennysheep_generic_room_5
D:3:      layout_loops_ring, serial_shops, nicolae_diamond_shop, uniq_robin
D:4:      lemuel_castle_with_subvaults [lemuel_castle_interior_carwin_2],
          layout_basic, zin_purify, uniq_ijyb, uniq_menkaure
D:5:      layout_rooms, minmay_temple_entry_enclosed_plants, kennysheep_donut,
          uniq_edmund

Skill      XL: |  1  2  3 |
---------------+----------+-----
Conjurations   | 6 |  6.9
Spellcasting   | 3 |  3.6
Dodging        | |  2.1
Stealth        | |  2.0
Translocations | |  0.3

Action                   |  1- 3 |  4- 6 || total
-------------------------+-------+-------++-------
 Cast: Magic Dart        |    48 |    29 ||    77
       Searing Ray       |     4 |     7 ||    11
       Iskenderun's Myst |       |     1 ||     1
  Use: Scroll            |       |     5 ||     5
       Potion            |       |     2 ||     2
Armor: Robe              |       |     6 ||     6
Dodge: Dodged            |     1 |    24 ||    25

Table legend: (Time is in decaauts)
 A = Elapsed time spent in this place.
 B = Non-inter-level travel time spent in this place.
 C = Inter-level travel time spent in this place.
 D = Time resting spent in this place.
 E = Time spent auto-exploring this place.
 F = Levels seen in this place.
 G = Mean time per level.
                   A        B        C        D        E       F      G
               +--------+--------+--------+--------+--------+-----+--------+
         Total |   2603 |   2541 |     62 |    305 |   1776 |   5 |  520.6 |
       Dungeon |   2603 |   2541 |     62 |    305 |   1776 |   5 |  520.6 |
               +--------+--------+--------+--------+--------+-----+--------+

Top non-repeatable levels by time:
     D:2: 989 daAuts
     D:1: 988 daAuts
     D:3: 488 daAuts
     D:4: 117 daAuts
     D:5: 20 daAuts
